 Dungeon Crawl Stone Soup version 0.9.0-15-g1b13fe2 character file.

225 wisconsin the Vexing (level 4, -2/30 HPs)
             Began as a Merfolk Enchanter on Sept 2, 2011.
             Slain by an ogre
             ... wielding a +0,+0 giant club
              (17 damage)
             ... on Level 3 of the Dungeon.
             The game lasted 00:16:46 (2781 turns).

wisconsin the Vexing (Merfolk Enchanter)            Turns: 2781, Time: 00:16:47

HP  -2/30        AC  5     Str  8      XL: 4   Next: 41%
MP   6/7         EV 14     Int 14      God:
Gold 144         SH  0     Dex 15      Spells:  2 memorised,  2 levels left

Res.Fire  : . . .   See Invis. : .   p - +0 orc spear
Res.Cold  : . . .   Warding    : . . b - +1 robe
Life Prot.: . . .   Conserve   : .   (no shield)
Res.Acid. : . . .   Res.Corr.  : .   (no helmet)
Res.Poison: .       Clarity    : .   (no cloak)
Res.Elec. : .       Spirit.Shd : .   i - +0 pair of gauntlets
Sust.Abil.: . .     Stasis     : .   t - +0 pair of boots
Res.Mut.  : .       Ctrl.Telep.: .   (no amulet)
Res.Rott. : .       Levitation : .   (no ring)
Saprovore : . . .   Ctrl.Flight: .   (no ring)

@: slightly resistant to hostile enchantments, fairly stealthy
A: change form in water
a: no special abilities


You were on level 3 of the Dungeon.
You were hungry.

You visited 1 branch of the dungeon, and saw 3 of its levels.

You collected 124 gold pieces.

Inventory:

Hand weapons
 a - a +1,+1 dagger
 p - a +0,+0 orcish spear (weapon)
Missiles
 d - 11 +1 darts (quivered)
Armour
 b - a +1 robe (worn)
 i - a +0 pair of gauntlets (worn)
 t - a +0 pair of boots (worn)
Comestibles
 f - 3 bread rations
 r - a meat ration
 v - a rotting chunk of worm flesh
Scrolls
 h - a scroll of teleportation {unknown}
 j - a scroll of enchant weapon II {unknown}
 k - 2 scrolls of fear {unknown}
 n - a scroll of identify {unknown}
 q - a scroll of fog {unknown}
 s - a scroll of detect curse {unknown}
 u - a scroll of blinking {unknown}
Potions
 e - a potion of restore abilities {unknown}
 g - 2 potions of healing
 l - 2 potions of might {unknown}
 m - 2 potions of agility {unknown}
 o - a potion of berserk rage {unknown}
Books
 c - a book of Maledictions

   Spells                             Type                      Level
   *Corona                            Hexes                        1
   Sure Blade                         Hexes/Charms                 2
   *Ensorcelled Hibernation           Hexes/Ice                    2
   Confuse                            Hexes                        3
   Enslavement                        Hexes                        4
   Invisibility                       Hexes                        6


   Skills:
 + Level 1 Fighting
 - Level 1 Short Blades
 * Level 1 Polearms
 - Level 1 Throwing
 * Level 4 Dodging
 - Level 2 Stealth
 - Level 2 Stabbing
 + Level 1 Spellcasting
 + Level 4 Hexes


You had 2 spell levels left.
You knew the following spells:

 Your Spells              Type           Power        Success   Level  Hunger
a - Corona                Hex            ###.....     Great       1    Strawberry
b - Ensorcelled Hibernat  Ice/Hex        ##.....      Good        2    Choko

Dungeon Overview and Level Annotations

Branches:
Dungeon (3/27)

Altars:


Message History

Confirm with . or Enter, or press ? or * to list all spells.
Aiming: Ensorcelled Hibernation
Press: ? - help, Shift-Dir - straight line, f/p - ogre
Aim: An ogre, wielding a giant club (lightly wounded)
You miscast Ensorcelled Hibernation.
Nothing appears to happen.
Casting: Ensorcelled Hibernation
Confirm with . or Enter, or press ? or * to list all spells.
Aiming: Ensorcelled Hibernation
Press: ? - help, Shift-Dir - straight line, f/p - ogre
Aim: An ogre, wielding a giant club (lightly wounded)
The ogre resists with some effort.
You are feeling hungry.
The ogre hits you with a giant club!
Ouch! That really hurt!
The ogre completely misses you.
A giant cockroach comes into view.
The giant cockroach moves out of view.
The ogre hits you with a giant club!
Ouch! That really hurt!
You die...

.##.......##.##..
.##..............
......%..........
.##..............
.##.......#####.#
.##.......# ###.#
####)#+######....
#.#.#.......<.
####.#.#@%###.#..
.......O.........
.###.###..###.###
.# #.# #.........
.###.####.###.###
........... .....
.#.#.####.###.###
.#.... .........
.###.# #........


You could see an ogre.

Vanquished Creatures
  3 snakes
  A worm (D:3)
  A giant gecko (D:2)
  An ooze (D:2)
  4 giant cockroaches
  6 goblins
  7 hobgoblins
  7 kobolds
  2 small snakes
  5 bats
  2 giant newts
  8 rats
  2 toadstools
49 creatures vanquished.

Vanquished Creatures (others)
  3 toadstools
3 creatures vanquished.

Grand Total: 52 creatures vanquished

Notes
Turn   | Place    | Note
--------------------------------------------------------------
     0 | D:1      | wisconsin, the Merfolk Enchanter, began the quest for the Orb.
     0 | D:1      | Reached XP level 1. HP: 13/13 MP: 3/3
   535 | D:1      | Reached XP level 2. HP: 8/19 MP: 4/4
   552 | D:1      | Learned a level 2 spell: Ensorcelled Hibernation
   743 | D:2      | Reached skill level 4 in Hexes
   943 | D:2      | Reached XP level 3. HP: 16/24 MP: 2/5
  1819 | D:2      | You fall through a shaft!
  1920 | D:3      | Reached XP level 4. HP: 27/30 MP: 7/7
  2025 | D:3      | Reached skill level 1 in Fighting
  2119 | D:3      | Reached skill level 1 in Polearms
  2781 | D:3      | Slain by an ogre
